 Dungeon Crawl Stone Soup version 0.27.1-34-g3ba077fa99 (webtiles) character file.

Game seed: 13361011973051930458

137 a3don the Chopper (level 5, 0/40 HPs)
             Began as a Demonspawn Gladiator on Jan 23, 2022.
             Slain by Grinder (8 damage)
             ... while paralysed by Grinder
             ... on level 2 of the Dungeon.
             The game lasted 00:03:14 (2327 turns).

a3don the Chopper (Demonspawn Gladiator)            Turns: 2327, Time: 00:03:14

Health: 0/40       AC:  4    Str: 15    XL:     5   Next: 0%
Magic:  5/5        EV:  2    Int:  9    God:
Gold:   86         SH:  0    Dex: 15    Spells: 4/4 levels left

rFire    . . .     SeeInvis .   a - +0 war axe
rCold    . . .     Faith    .   (no shield)
rNeg     . . .     Spirit   .   b - +0 leather armour
rPois    .         Reflect  .   c - +0 helmet
rElec    .         Harm     .   (no cloak)
rCorr    .         Rampage  .   (no gloves)
Will     .....                  (no boots)
Stlth    +.........             (no amulet)
HPRegen  0.13/turn              (no ring)
MPRegen  0.09/turn              (no ring)

@: paralysed
A: claws 1
a: no special abilities


You were on level 2 of the Dungeon.
You visited 1 branch of the dungeon, and saw 3 of its levels.

You collected 86 gold pieces.

Inventory:

Hand Weapons
 a - a +0 war axe (weapon)
Armour
 b - a +0 leather armour (worn)
 c - a +0 helmet (worn)
Wands
 i - a wand of mindburst (13)
Scrolls
 h - a scroll of brand weapon {unknown}
 l - a scroll of noise {unknown}
Potions
 e - a potion of lignification {unknown}
 f - a potion of flight
 g - a potion of magic {unknown}
 j - a potion of attraction {unknown}


   Skills:
 + Level 2.8 Fighting
 + Level 3.8 Axes
 - Level 1.8 Throwing
 + Level 1.8 Armour
 + Level 3.2 Dodging


You had 4 spell levels left.
You didn't know any spells.
Your spell library was empty.

Dungeon Overview and Level Annotations

Branches:
Dungeon (3/15)

Altars:

Shops:
D:2 (

Annotations:
D:2 Grinder


Innate Abilities, Weirdness & Mutations

You have sharp fingernails.


Message History

You barely resist. Grinder gestures at you.
You suddenly lose the ability to move!
Grinder blinks!
Grinder grins, showing sharp teeth.
You can move again.
You see here a throwing net.
Throw: 2 throwing nets
Press: ? - help, Q - select action, (/) - cycle Shift-Dir - straight line, f/p - Grinder
Aim: Grinder (heavily wounded, 55% to hit)
You throw a throwing net.
The throwing net closely misses Grinder.
Grinder says, "My boss said I was rubbish.
His entrails said otherwise."
Throw: throwing net
Press: ? - help, Q - select action, (/) - cycle Shift-Dir - straight line, f/p - Grinder
Aim: Grinder (heavily wounded, 55% to hit)
You throw a throwing net. The throwing net hits Grinder.
Grinder is caught in the net!
Grinder is heavily wounded.
Grinder struggles against the net.
Grinder gestures at you. Pain shoots through your body!
* * * LOW HITPOINT WARNING * * *
Grinder struggles against the net.
You hit Grinder.
Grinder is heavily wounded.
You catch the helpless Grinder completely off-guard!
You slash Grinder!
Grinder is severely wounded.
Grinder blinks!
Grinder gestures at you. You resist with significant effort.
Things that are here:
a +0 hand axe; an orc skeleton You closely miss Grinder.
Grinder is severely wounded.
Grinder gestures at you.
You suddenly lose the ability to move!
Grinder hits you!
You die...

################
#..............#
........######.# #.#####.# #.#
#.# #.######.##### ##### #.#
#...(......(.# ##...## #.#
##>####....@#[#####.....#
#.####..####...รท>5...........#
#.##.............#.#####.....#
#.##.#..####.#..#..### ##...###
#.##.#..# #...###...#####....#
#.##....# #.##.#.....#.....#.#
#.####..# #............###.<.#
#.# #..# #..###.....### ##..#
..####..####..# ##.#.## #..#


You could see Grinder.

Vanquished Creatures
  A centaur skeleton (D:2)
  An orc priest (D:3)
  An orc wizard (D:2)
  An adder (D:2)
  A worm (D:2)
  2 orcs
  4 ball pythons (D:1)
  3 bats
  3 endoplasms
  8 goblins
  3 hobgoblins
  2 quokkas
  2 frilled lizards
  2 kobolds
  4 rats
38 creatures vanquished.

Notes
Turn   | Place    | Note
-------+----------+-------------------------------------------
     0 | D:1      | a3don the Demonspawn Gladiator began the quest for the Orb.
     0 | D:1      | Reached XP level 1. HP: 16/16 MP: 1/1
   178 | D:1      | Gained mutation: You have sharp fingernails. [demonic
                  | ancestry]
   178 | D:1      | Reached XP level 2. HP: 20/22 MP: 2/2
  1085 | D:2      | Reached skill level 1 in Armour
  1085 | D:2      | Reached XP level 3. HP: 26/28 MP: 3/3
  1120 | D:2      | Found a faded altar of an unknown god.
  1126 | D:2      | Found Gon Mecemp's Weapon Shop.
  1716 | D:2      | Reached XP level 4. HP: 28/34 MP: 4/4
  2042 | D:3      | Noticed Grinder
  2056 | D:2      | HP: 1/34 [something (1)]
  2066 | D:2      | Reached XP level 5. HP: 11/40 MP: 5/5
  2315 | D:2      | Paralysed by Grinder for 5 turns
  2326 | D:2      | Paralysed by Grinder for 4 turns
  2327 | D:2      | Slain by Grinder

Illustrated notes

Levels and vault maps discovered:
D:1:      mrwooster_arrival_statue, layout_basic
D:2:      layout_loops_ring, hellmonk_ecumenical_altar_pennies_from_heaven,
          serial_shops, shop, minmay_tromino_v2
D:3:      layout_loops_ring, kiku_gazebo_garden_becter, gammafunk_ghost_smash,
          uniq_terence, uniq_grinder

Skill      XL: |  1  2 |
---------------+-------+-----
Axes           | 3 |  3.8
Dodging        | 3 |  3.2
Armour         | 1 |  1.8
Fighting       | |  2.8
Throwing       | |  1.8

Action                   |  1- 3 |  4- 6 || total
-------------------------+-------+-------++-------
Melee: War axe           |   108 |    25 ||   133
Throw: Throwing net      |       |     4 ||     4
  Use: Potion            |       |     3 ||     3
 Stab: Held in net/web   |       |     1 ||     1
Armor: Leather armour    |    46 |    11 ||    57
Dodge: Dodged            |    81 |    10 ||    91
